 Dungeon Sprint DCSS version 0.21-a0-417-g0adc95b (webtiles) character file.

6347 Kidiri the Fighter (level 10, -9/97 HPs)
             Began as a Green Draconian Transmuter on Nov 3, 2017.
             Was a High Priest of Wu Jian.
             Killed by mirror damage (25 damage)
             ... in the Dungeon (Sprint VII: "The Pits").
             The game lasted 00:09:46 (2026 turns).

Kidiri the Fighter (Green Draconian Transmuter)     Turns: 2026, Time: 00:09:47

Health: -9/97      AC:  7    Str: 14    XL:     10   Next: 65%
Magic:  18/21      EV: 18    Int: 13    God:    Wu Jian [*****.]
Gold:   0          SH:  0    Dex: 20    Spells: 9/24 levels left

rFire    . . .     SeeInvis +     - Unarmed
rCold    . . .     Gourm    .   (shield currently unavailable)
rNeg     . . .     Faith    .   (armour unavailable)
rPois    +         Spirit   .   (helmet restricted)
rElec    .         Reflect  .   (no cloak)
rCorr    .         Harm     .   (gloves currently unavailable)
MR       .....     NoTele   +   (no boots)
Stlth    ++........             (no amulet)
HPRegen  0.26/turn              E - +3 ring of dexterity
MPRegen  0.17/turn              F - +3 ring of dexterity

@: lethally poisoned (-9 -> -13), blade hands (expiring), slowed, glowing,
heavenly storm, very slow
A: breathe noxious fumes, unfitting armour, see invisible, poison resistance,
screaming 2, cold-blooded, AC +7
a: Breathe Noxious Fumes, End Transformation, Serpent's Lash, Heavenly Storm,
Renounce Religion


You were in the Dungeon.
You worshipped Wu Jian.
Wu Jian was extremely pleased with you.
You were not hungry.
You had blades for hands.
You visited 1 branch

Inventory:

Missiles
 a - 21 arrows
 w - 7 tomahawks (quivered)
Jewellery
 E - a +3 ring of dexterity (left scythe-like blade)
 F - a +3 ring of dexterity (right scythe-like blade)
Scrolls
 i - a scroll of blinking
 l - 3 scrolls of remove curse
 m - 5 scrolls of amnesia
 n - a scroll of summoning
 z - 2 scrolls of vulnerability
Potions
 e - 12 potions of heal wounds
 f - a potion of haste
 g - 4 potions of magic
 h - 2 potions of berserk rage
 k - 2 potions of invisibility
 r - 8 potions of curing
 G - 2 potions of brilliance
Comestibles
 c - 8 bread rations
 o - 29 fruits
 p - 7 meat rations
 A - 8 chunks of flesh


   Skills:
 * Level 12.2 Fighting
 + Level 7.5 Dodging
 + Level 8.0 Stealth
 * Level 11.6 Unarmed Combat
 + Level 7.6 Spellcasting
 * Level 11.3 Transmutations
 + Level 6.8 Ice Magic
 + Level 9.2 Poison Magic


You had 9 spell levels left.
You knew the following spells:

 Your Spells              Type           Power        Failure   Level  Hunger
a - Beastly Appendage     Tmut           ####..       8%          1    None
b - Sticks to Snakes      Tmut           ####....     9%          2    #......
c - Spider Form           Tmut/Pois      ####......   13%         3    ##.....
d - Ice Form              Ice/Tmut       ####....     26%         4    ####...
e - Blade Hands           Tmut           ####......   28%         5    ######.


Dungeon Overview and Level Annotations

Branches:
Dungeon (1/1)

Altars:
Ashenzari
Cheibriados
Dithmenos
Elyvilon
Fedhas
Gozag
Hepliaklqana
Kikubaaqudgha
Makhleb
Nemelex Xobeh
Okawaru
Qazlal
Ru
Sif Muna
Trog
Uskayaw
Vehumet
Wu Jian
Xom
Yredelemnul
Zin
The Shining One
Beogh
Jiyva
Lugonu

Annotations:
D exclusions: 8 doors and 4 more exclusions


Innate Abilities, Weirdness & Mutations

You can breathe blasts of noxious fumes.
Your lurid green scales are hard. (AC +7)
You cannot fit into any form of body armour.
Your system is resistant to poisons. (rPois)
You are cold-blooded and may be slowed by cold attacks.
You have supernaturally acute eyesight. (SInv)
You sometimes yell uncontrollably at your foes.


Message History

You feel sick. The death knight completely misses you. The hellwing hits you!
The hellwing hits you but does no damage.
The death knight hits you from afar with an enchanted halberd!!
* * * LOW HITPOINT WARNING * * *
Unknown command.
Unknown command.
You spin and attack the hellwing repeatedly.
You hit the hellwing.
The hellwing is almost dead.
You slice the hellwing!!
You kill the hellwing!
The Council accepts your kill.
Your Stealth skill increases to level 8!
You feel sick.
The death knight offers itself to Yredelemnul, and fills with unholy energy.
You lunge at the death knight in a flurry of attacks.
You shred the death knight!!! You slash the death knight.
The death knight is heavily wounded.
The death knight reflects your damage back at you!
You die...

++###### ++#####
########### [.....#
#.........# ......#
##.......## #....##
####...### ## ##''##
###..+...+ #..#
#....###....##+## ...#
......#....##§§§##....#
......'....'.§§§@pD...+
......#....##§§§##§...#
#....###....##+## .p.#
##++## ###..+...+ #..#
#....## ####...### ##
..%...# ##..%....##
......# #.........#
####### ###########


You could see a death knight and a steam dragon.

Vanquished Creatures
  A phantasmal warrior (D)
  2 orc knights (D)
  2 deep elf magi (D)
  An elephant (D)
  A black mamba (D)
  Joseph (D)
  A guardian serpent (D)
  An efreet (D)
  A rime drake (D)
  A hellwing (D)
  A troll (D)
  A hornet (D)
  A tyrant leech (D)
  A redback (D)
  A ynoxinul (D)
  A spriggan (D)
  A basilisk (D)
  Edmund (D)
  3 orc warriors (D)
  An ice beast (D)
  A phantom (D)
  A small abomination (D)
  A centaur (D)
  A bullfrog (D)
  An orc priest (D)
  A jelly (D)
  An orc wizard (D)
  A worker ant (D)
  A hell rat (D)
  An ooze (D)
  A leopard gecko (D)
  11 orcs (D)
  A bat (D)
  2 giant cockroaches (D)
  A goblin (D)
  A quokka (D)
  2 ball pythons (D)
  A frilled lizard (D)
  2 rats (D)
56 creatures vanquished.

Vanquished Creatures (others)
  An orc (D)
1 creature vanquished.

Grand Total: 57 creatures vanquished

Notes
Turn   | Place    | Note
-------+----------+-------------------------------------------
     0 | D        | Kidiri the Draconian Transmuter began the quest for the Orb.
     0 | D        | Reached XP level 1. HP: 16/16 MP: 3/3
    66 | D        | Found a bloodstained altar of Trog.
    66 | D        | Found a deep blue altar of Sif Muna.
    66 | D        | Found a viscous altar of Jiyva.
    66 | D        | Found a hazy altar of Hepliaklqana.
    66 | D        | Found an opulent altar of Gozag.
    67 | D        | Found a glowing golden altar of the Shining One.
    67 | D        | Found a glowing silver altar of Zin.
    67 | D        | Found a basalt altar of Yredelemnul.
    67 | D        | Found a shimmering altar of Xom.
    67 | D        | Found an ornate altar of the Wu Jian Council.
    67 | D        | Found a sacrificial altar of Ru.
    67 | D        | Found a stormy altar of Qazlal.
    67 | D        | Found an iron altar of Okawaru.
    67 | D        | Found a sparkling altar of Nemelex Xobeh.
    67 | D        | Found a burning altar of Makhleb.
    67 | D        | Found a blossoming altar of Fedhas.
    67 | D        | Found a white marble altar of Elyvilon.
    67 | D        | Found a shadowy altar of Dithmenos.
    67 | D        | Found a snail-covered altar of Cheibriados.
    69 | D        | Found a radiant altar of Vehumet.
    69 | D        | Found a corrupted altar of Lugonu.
    69 | D        | Found a roughly hewn altar of Beogh.
    70 | D        | Found a hide-covered altar of Uskayaw.
    70 | D        | Found an ancient bone altar of Kikubaaqudgha.
    70 | D        | Found a shattered altar of Ashenzari.
    76 | D        | Became a worshipper of the Wu Jian Council
   182 | D        | Noticed a worker ant
   200 | D        | Killed a worker ant
   200 | D        | Reached * piety under Wu Jian
   200 | D        | Reached skill level 3 in Fighting
   200 | D        | Reached skill level 1 in Stealth
   200 | D        | Reached XP level 2. HP: 16/26 MP: 1/5
   200 | D        | Reached XP level 3. HP: 19/31 MP: 1/6
   213 | D        | Learned a level 2 spell: Sticks to Snakes
   217 | D        | Learned a level 3 spell: Spider Form
   407 | D        | Reached ** piety under Wu Jian
   412 | D        | Reached skill level 1 in Poison Magic
   604 | D        | Noticed a phantom
   605 | D        | Noticed a centaur
   611 | D        | Reached skill level 4 in Fighting
   611 | D        | Reached XP level 4. HP: 38/40 MP: 4/8
   612 | D        | Reached *** piety under Wu Jian
   616 | D        | Killed a centaur
   616 | D        | Reached skill level 5 in Fighting
   616 | D        | Reached skill level 5 in Unarmed Combat
   616 | D        | Reached skill level 5 in Transmutations
   616 | D        | Reached XP level 5. HP: 46/48 MP: 5/10
   624 | D        | Reached **** piety under Wu Jian
   647 | D        | Killed a phantom
   647 | D        | Reached skill level 6 in Fighting
   669 | D        | Learned a level 4 spell: Ice Form
   929 | D        | Noticed an orc knight
   943 | D        | Killed an orc knight
   943 | D        | Reached skill level 8 in Fighting
   943 | D        | Reached XP level 6. HP: 28/61 MP: 8/13
   943 | D        | Your scales start taking on a lurid green colour.
   943 | D        | Reached skill level 5 in Poison Magic
   943 | D        | Reached XP level 7. HP: 31/68 MP: 8/14
   943 | D        | Gained mutation: Your system is resistant to poisons. (rPois) [Green Draconian growth]
   990 | D        | Learned a level 5 spell: Blade Hands
  1155 | D        | Reached ***** piety under Wu Jian
  1155 | D        | Reached skill level 5 in Spellcasting
  1158 | D        | Reached skill level 5 in Dodging
  1158 | D        | Reached skill level 5 in Stealth
  1299 | D        | Noticed an efreet
  1307 | D        | Killed an efreet
  1307 | D        | Reached XP level 8. HP: 45/75 MP: 9/16
  1372 | D        | Gained mutation: You occasionally shout uncontrollably at your foes. [potion of mutation]
  1372 | D        | Gained mutation: You sometimes yell uncontrollably at your foes. [potion of mutation]
  1372 | D        | Gained mutation: You have supernaturally acute eyesight. (SInv) [potion of mutation]
  1499 | D        | Noticed a deep elf mage
  1499 | D        | Noticed an orc knight
  1500 | D        | Killed a deep elf mage
  1500 | D        | Reached skill level 9 in Fighting
  1504 | D        | Killed an orc knight
  1504 | D        | Reached XP level 9. HP: 74/85 MP: 11/18
  1505 | D        | Reached skill level 10 in Fighting
  1649 | D        | Noticed a phantasmal warrior
  1649 | D        | Noticed a tyrant leech
  1650 | D        | Killed a phantasmal warrior
  1650 | D        | Reached skill level 10 in Unarmed Combat
  1650 | D        | Reached skill level 5 in Ice Magic
  1651 | D        | Killed a tyrant leech
  1699 | D        | Noticed a rime drake
  1699 | D        | Noticed an elephant
  1702 | D        | Reached skill level 10 in Transmutations
  1704 | D        | Killed a rime drake
  1706 | D        | Killed an elephant
  1706 | D        | Reached skill level 11 in Fighting
  1887 | D        | Noticed Edmund
  1889 | D        | Noticed a troll
  1891 | D        | Killed a troll
  1891 | D        | Reached XP level 10. HP: 96/96 MP: 14/20
  1898 | D        | Killed Edmund
  1925 | D        | Noticed a deep elf mage
  1925 | D        | Noticed Joseph
  1931 | D        | Killed Joseph
  1931 | D        | Killed a deep elf mage
  1947 | D        | Reached ****** piety under Wu Jian
  2014 | D        | Noticed a guardian serpent
  2014 | D        | Noticed a black mamba
  2014 | D        | Noticed a death knight
  2018 | D        | Killed a black mamba
  2018 | D        | Reached skill level 12 in Fighting
  2023 | D        | Killed a guardian serpent
  2026 | D        | Killed by mirror damage

Vault maps used:
D:        pitsprint

Skill      XL: |  1  2  3  4  5  6  7  8  9 10 |
---------------+-------------------------------+-----
Dodging        | 2 3 4 5 6 7 |  7.5
Fighting       | 3 4 5 8 9 11 12 | 12.2
Stealth        | 1 2 3 4 5 6 7 8 |  8.0
Unarmed Combat | 4 5 7 8 9 10 11 | 11.6
Transmutations | 3 4 5 7 8 9 10 11 | 11.3
Poison Magic   | 1 2 4 5 7 8 9 |  9.2
Spellcasting   | 3 4 5 6 7 |  7.6
Ice Magic      | 2 3 4 5 6 |  6.8

Action                   |  1- 3 |  4- 6 |  7- 9 | 10-12 || total
-------------------------+-------+-------+-------+-------++-------
Melee: Unarmed           |    37 |    44 |    51 |    36 ||   168
       Kick              |     3 |     3 |       |       ||     6
       Tailslap          |     2 |     3 |     2 |     2 ||     9
       Headbutt          |     1 |       |       |       ||     1
       Punch             |       |     1 |       |     1 ||     2
Throw: Stone             |     2 |       |       |       ||     2
 Cast: Beastly Appendage |     4 |     1 |       |       ||     5
       Spider Form       |     2 |     1 |       |       ||     3
       Sticks to Snakes  |       |     1 |       |       ||     1
       Blade Hands       |       |       |     6 |     2 ||     8
Invok: Serpent's Lash    |       |       |     3 |     1 ||     4
       Heavenly Storm    |       |       |     2 |     1 ||     3
 Abil: Breathe Noxious F |       |       |     1 |       ||     1
  Use: Potion            |     1 |     1 |     1 |       ||     3
 Stab: Sleeping          |       |     2 |     1 |     1 ||     4
  Eat: Chunk             |       |     1 |     1 |       ||     2
       Fruit             |       |       |    11 |       ||    11
Armor: Skin              |     9 |     3 |     6 |     3 ||    21
Dodge: Dodged            |    30 |    20 |    21 |    14 ||    85

Table legend:
 A = Spawn XP
 B = Non-spawn XP
 C = Spawn XP percentage of total XP
 D = Spawn monster count
 E = Non-spawn monster count
 F = Spawn count percentage of total count
 G = Total turns spent on level
                    A         B        C        D         E        F      G
               +---------+---------+-------+---------+---------+-------+---------
         Total |       0 |    9068 |   0.0 |       0 |      56 |   0.0 |  2026
               +---------+---------+-------+---------+---------+-------+---------
             D |       0 |    9068 |   0.0 |       0 |      56 |   0.0 |  2026
               +---------+---------+-------+---------+---------+-------+---------
